 Dungeon Crawl Stone Soup version 0.31-a0-14-gc80a10f4b6 (webtiles) character file.

Game seed: 10530560924065751782

91 sampeng1 the Chopper (level 4, -7/21 (34) HPs)
             Began as a Human Reaver on May 7, 2023.
             Was a Follower of Qazlal.
             Killed by divine providence
             ... invoked by an orc priest
              (15 damage)
             ... on level 3 of the Dungeon.
             The game lasted 00:12:11 (1766 turns).

sampeng1 the Chopper (Human Reaver)                 Turns: 1766, Time: 00:12:12

HP:   -7/21 (34)    AC:  7    Str: 12    XL:     4   Next: 88%
MP:   7/7           EV: 12    Int: 15    God:    Qazlal [*.....]
Gold: 138           SH:  2    Dex: 12    Spells: 6/7 levels left

rFire   . . .        a - +0 hand axe (flame)
rCold   . . .        (no shield)
rNeg    . . .        b - +0 leather armour
rPois   .            (no helmet)
rElec   .            (no cloak)
rCorr   +            (no gloves)
SInv    .            (no boots)
Will    .....        (no amulet)
Stlth   +            f - +4 ring of protection
HPRegen 0.23/turn    k - ring of resist corrosion
MPRegen 0.10/turn

%: no passive effects
@: very heavily drained
A: no striking features
a: Renounce Religion


You were on level 3 of the Dungeon.
You worshipped Qazlal.
Qazlal was aware of your devotion.
You visited 1 branch of the dungeon, and saw 3 of its levels.

You collected 138 gold pieces.

Inventory:

Hand Weapons
 a - a +0 hand axe of flaming (weapon)
Armour
 b - a +0 leather armour (worn)
 d - a +0 ring mail
Magical Staves
 c - a staff of death
Jewellery
 e - a ring of flight
 f - a +4 ring of protection (left hand)
 k - a ring of resist corrosion (right hand)
Scrolls
 h - a scroll of enchant armour {unknown}
 j - a scroll of amnesia {unknown}
Potions
 g - 2 potions of curing
 i - a potion of heal wounds
 l - a potion of degeneration {unknown}
 m - 2 potions of flight


   Skills:
 + Level 2.5 Fighting
 + Level 3.8 Axes
 + Level 2.6 Dodging
 + Level 2.4 Spellcasting
 + Level 3.5 Conjurations


You had 6 spell levels left.
You knew the following spells:

 Your Spells              Type           Power      Damage    Failure   Level
a - Kiss of Death         Conj/Necr      28%        2d7       13%         1

Your spell library contained the following spells:

 Spells                   Type           Power      Damage    Failure   Level
 Momentum Strike          Conj/Tloc      14%        3d8       21%         2
 Necrotise                Necr           4%         1d4       26%         1
 Hailstorm                Conj/Ice       7%         3d4       36%         3
 Vampiric Draining        Necr           1%         2d6       63%         3
 Agony                    Necr           1%         N/A       100%        5


Dungeon Overview and Level Annotations

Branches:
Dungeon (3/15)

Altars:
Qazlal


Message History

The orc priest looks encouraged for a moment.
You block the orc's attack.
You hit the orc priest. You burn the orc priest.
The orc priest is severely wounded.
You hit the orc. You burn the orc.
The orc priest looks encouraged for a moment.
The orc hits you but does no damage.
You slash the orc priest! You burn the orc priest.
You kill the orc priest!
Qazlal accepts your kill.
You hit the orc. You burn the orc.
You kill the orc!
Qazlal accepts your kill. The bat misses you.
You hit the orc priest. You burn the orc priest.
The orc priest is moderately wounded.
You hit the orc but do no damage.
A hobgoblin comes into view.
The orc priest hits you with a +2 dagger of draining.
You feel drained. The orc hits you with a +0 falchion.
You hit the orc priest. You burn the orc priest.
The orc priest is heavily wounded.
You barely miss the orc. You block the orc's attack.
The orc priest hits you but does no damage.
You feel drained.
You hit the orc priest. You burn the orc priest.
The orc priest is severely wounded.
You hit the quokka. You burn the quokka.
You kill the quokka!
Qazlal accepts your kill.
You barely miss the orc.
The orc priest hits you with a +2 dagger of draining.
You feel drained. The orc hits you with a +0 falchion.
You hit the orc priest. You burn the orc priest.
The orc priest is almost dead.
You hit the orc. You burn the orc.
The orc priest mumbles some strange prayers to Beogh against you.
Beogh smites you!
Ouch! That really hurt!
You die...

.... ##...## #.....
#g...### ....... #ob..#
. #oo..# .. #@########
...#.#†°.......
#.......##############
........................
###.......##############
...#.##### #####. .. ###


You could see an orc priest, 2 orcs, a hobgoblin and a bat.

Vanquished Creatures
  An orc priest (D:3)
  2 adders (D:2)
  2 dart slugs (D:1)
  An orc (D:3)
  A ball python (D:1)
  4 bats (D:1)
  6 endoplasms
  A giant cockroach (D:1)
  7 hobgoblins
  3 jackals (D:1)
  A quokka (D:3)
  2 frilled lizards
  A kobold (D:1)
  5 rats
37 creatures vanquished.

Notes
Turn   | Place    | Note
-------+----------+-------------------------------------------
     0 | D:1      | sampeng1 the Human Reaver began the quest for the Orb.
     0 | D:1      | Reached XP level 1. HP: 16/16 MP: 3/3
   176 | D:1      | Reached XP level 2. HP: 17/18 MP: 5/5
   284 | D:1      | Found a faded altar of an unknown god.
   306 | D:1      | Prayed at the altar of an unknown god.
   306 | D:1      | Became a worshipper of Qazlal Stormbringer
   306 | D:1      | Reached * piety under Qazlal
   390 | D:1      | Reached XP level 3. HP: 13/26 MP: 6/6
  1075 | D:2      | Reached XP level 4. HP: 21/22 MP: 5/7
  1766 | D:3      | Killed from afar by an orc priest

Illustrated notes

Levels and vault maps discovered:
D:1:      sevenhm_arrival_forest_fort_large_2, layout_basic,
          basic_ecumenical_altar
D:2:      layout_loops_ring
D:3:      layout_basic, pdpol_wu_jian_five_deadly_venoms,
          nemelex_diamond_rough_becter, lemuel_doored_altar,
          mainiacjoe_overflow_divided_tiny, uniq_sigmund,
          uniq_crazy_yiuf_cottage

Action                     |  1- 3 |  4- 6 || total
---------------------------+-------+-------++-------
  Melee: Hand axe          |    66 |    42 ||   108
   Cast: Kiss of Death     |     5 |     1 ||     6
    Use: Potion            |     3 |     1 ||     4
         Scroll            |     1 |     2 ||     3
 Armour: Leather armour    |    18 |    12 ||    30
         Robe              |     3 |       ||     3
  Dodge: Dodged            |    57 |    23 ||    80
  Block: Other             |     3 |     5 ||     8

Table legend: (Time is in decaauts)
 A = Elapsed time spent in this place.
 B = Non-inter-level travel time spent in this place.
 C = Inter-level travel time spent in this place.
 D = Time resting spent in this place.
 E = Time spent auto-exploring this place.
 F = Levels seen in this place.
 G = Mean time per level.
                   A        B        C        D        E       F      G
               +--------+--------+--------+--------+--------+-----+--------+
         Total |   1777 |   1711 |     66 |      0 |   1030 |   3 |  592.3 |
       Dungeon |   1777 |   1711 |     66 |      0 |   1030 |   3 |  592.3 |
               +--------+--------+--------+--------+--------+-----+--------+

Top non-repeatable levels by time:
     D:1: 918 daAuts
     D:2: 798 daAuts
     D:3: 60 daAuts
